 Dungeon Crawl Stone Soup version 0.29-a0-418-gc0181ea820 (webtiles) character file.

Game seed: 14655048512834612408

3365 siradein the Destroyer (level 9, -1/62 HPs)
             Began as a Grey Draconian Air Elementalist on May 17, 2022.
             Slain by an orc warrior
             ... wielding a +0 battleaxe
              (5 damage)
             ... on level 7 of the Dungeon on May 18, 2022.
             The game lasted 00:34:39 (11577 turns).

siradein the Destroyer (DrAE)                      Turns: 11577, Time: 00:34:40

Health: -1/62      AC: 17    Str: 11    XL:     9   Next: 73%
Magic:  2/20       EV: 11    Int: 20    God:
Gold:   195        SH:  3    Dex: 11    Spells: 6/23 levels left

rFire   . . .      SeeInvis .   c - staff of cold
rCold   + . .      Faith    .   b - +0 buckler
rNeg    . . .      Spirit   .   (body armour unavailable)
rPois   .          Reflect  .   (helmet restricted)
rElec   .          Harm     .   s - +0 cloak
rCorr   +          Rampage  .   k - +2 pair of gloves
Will    +....                   o - +0 pair of boots
Stlth   ++........              (no amulet)
HPRegen 0.20/turn               r - ring of willpower
MPRegen 0.17/turn               f - ring of resist corrosion

@: no status effects
A: AC +12, amphibious, unfitting armour, cold-blooded
a: no special abilities


You were on level 7 of the Dungeon.
You visited 2 branches of the dungeon, and saw 9 of its levels.

You collected 320 gold pieces.
You spent 125 gold pieces at shops.

Inventory:

Missiles
 u - 237 stones
Armour
 b - a +0 buckler (worn)
 k - a +2 pair of gloves (worn)
 o - a +0 pair of boots (worn)
 s - a +0 cloak (worn)
Magical Staves
 c - a staff of cold (weapon)
Jewellery
 f - a ring of resist corrosion (right hand)
 i - a ring of fire
 r - a ring of willpower (left hand)
Scrolls
 g - 2 scrolls of fear
 h - a scroll of summoning
 j - a scroll of fog
 l - a scroll of poison {unknown}
 n - 3 scrolls of immolation
 p - a scroll of teleportation {unknown}
 q - 2 scrolls of blinking {unknown}
 t - a scroll of identify
 v - a scroll of enchant weapon {unknown}
 w - a scroll of torment {unknown}
Potions
 a - 2 potions of magic
 d - 4 potions of curing
 e - a potion of flight
 m - a potion of mutation


   Skills:
 - Level 1.7 Dodging
 - Level 1.7 Stealth
 + Level 7.6 Spellcasting
 + Level 8.0 Conjurations
 - Level 4.3 Air Magic
 + Level 7.8 Earth Magic


You had 6 spell levels left.
You knew the following spells:

 Your Spells              Type           Power      Damage    Failure   Level
a - Sandblast             Erth           78%        2d17      1%          1
b - Static Discharge      Conj/Air       32%        N/A       1%          2
c - Swiftness             Air            25%        N/A       6%          3
d - Iskenderun's Mystic   Conj/Tloc      23%        2d6       22%         4
e - Magic Dart            Conj           100%       1d8       1%          1
f - Shock                 Conj/Air       100%       1d9       1%          1
g - Stone Arrow           Conj/Erth      78%        3d11      1%          3
h - Passwall              Tmut/Erth      19%        N/A       3%          2

Your spell library contained the following spells:

 Spells                   Type           Power      Damage    Failure   Level
 Dazzling Flash           Conj/Hex       46%        N/A       7%          3
 Mephitic Cloud           Conj/Pois/Air  24%        N/A       7%          3
 Poisonous Vapours        Pois/Air       32%        N/A       8%          2
 Pain                     Necr           28%        1d5       12%         1
 Sting                    Tmut/Pois      28%        1d4       12%         1
 Call Imp                 Summ           7%         N/A       19%         2
 Sublimation of Blood     Necr           7%         N/A       19%         2
 Wereblood                Tmut           7%         N/A       19%         2
 Airstrike                Air            12%        N/A       21%         4
 Sticky Flame             Conj/Fire      23%        2d4       22%         4
 Dispel Undead            Necr           7%         3d8       77%         4
 Olgreb's Toxic Radiance  Pois           7%         N/A       77%         4
 Agony                    Necr           7%         N/A       98%         5
 Excruciating Wounds      Necr           3%         N/A       98%         5
 Starburst                Conj/Fire      11%        6d5       98%         6
 Summon Hydra             Summ           3%         N/A       100%        7


Dungeon Overview and Level Annotations

Branches:
Dungeon (8/15)             Temple (1/1) D:5
   Lair: D:8-11

Altars:
Ashenzari
Cheibriados
Dithmenos
Elyvilon
Fedhas
Gozag
Hepliaklqana
Kikubaaqudgha
Makhleb
Nemelex Xobeh
Okawaru
Qazlal
Ru
Sif Muna
Trog
Uskayaw
Wu Jian
Xom
Yredelemnul
Zin
The Shining One

Shops:
D:4 *[(?


Innate Abilities, Weirdness & Mutations

Your dull iron-grey scales are very hard. (AC +12)
You are amphibious.
You cannot fit into any form of body armour.
You are cold-blooded and may be slowed by cold attacks.


Message History

The yak is heavily wounded.
The yak gores you but does no damage.
The stone arrow hits the yak!!
You kill the yak!
A howler monkey comes into view.
An orc comes into view. It is wielding a +0 short sword.
Your Conjurations skill increases to level 8!
The stone arrow hits the yak!
The yak is moderately wounded.
The howler monkey howls!
You hear an angry hiss.
Something shouts, "Quit, thou feeble sheep-biting scavenger!"
You hear a shout!
A gnoll sergeant comes into view. It is wielding a +0 trident.
The yak barely misses you.
The howler monkey hoots and howls with incredible vigour!
The yak gores you!
The orc warrior hits you with a +0 battleaxe!
You hear a shout!
You hear a howl!
You hear a shout! x3
You climb upwards.
There is a stone staircase leading down here.
The yak gores you but does no damage.
The orc warrior attacks as you move away!
The orc warrior hits you with a +0 battleaxe!
The orc warrior attacks as you move away!
The orc warrior misses you.
Casting: Stone Arrow (safe; 1% risk of failure)
Confirm with . or Enter, or press ? or * to list all spells.
Aiming: Passwall (safe; 3% risk of failure)
Press: ? - help, Dir - move target A rock wall.
This rock feels extremely deep.
The orc warrior hits you with a +0 battleaxe.
The orc warrior hits you with a +0 battleaxe!!
* * * LOW HITPOINT WARNING * * *
The orc warrior attacks as you move away!
The orc warrior hits you with a +0 battleaxe!
* * * LOW HITPOINT WARNING * * *
The orc warrior attacks as you move away!
The orc warrior hits you with a +0 battleaxe.
You die...

#.# #.# ##.#.#..###
#.# #.########.#.#..#
#.####.#........#....#
#......#.#########.#.#
########.# #####>#.#
#.#
#.....#.###########
#.#
#Y#####............
#.# #o## ############.
#.# #.@# #. #.# ##.#
#. #.# #.# #. #.# #.#
#. #.######.# #.
#.....##.# #.
#############.##.# #.
..........# #.##.#
######. #########.#
#.##.# #......


You could see a yak and an orc warrior.

Vanquished Creatures
  A hornet (D:7)
  Sigmund (D:6)
  2 wyverns
  2 yaks (D:8)
  Menkaure (D:4)
  2 water moccasins (D:7)
  Duvessa (D:7)
  2 ice beasts
  A black bear (D:6)
  4 ogres
  2 centaurs
  A phantom (D:6)
  3 bullfrogs
  A necrophage (D:5)
  2 scorpions
  3 wights
  Dowan (D:7)
  A howler monkey (D:5)
  2 hounds (D:6)
  5 orc priests
  4 iguanas
  An orc wizard (D:5)
  7 gnolls
  6 adders
  2 shadow imps
  3 dart slugs
  11 orcs
  3 bats
  7 endoplasms
  5 giant cockroaches
  8 goblins
  9 hobgoblins
  2 jackals (D:1)
  3 quokkas
  7 ball pythons
  4 frilled lizards
  3 kobolds
  2 rats
125 creatures vanquished.

Vanquished Creatures (others)
  A plant (D:5)
1 creature vanquished.

Grand Total: 126 creatures vanquished

Notes
Turn   | Place    | Note
-------+----------+-------------------------------------------
     0 | D:1      | siradein the Draconian Air Elementalist began the quest for
                  | the Orb.
     0 | D:1      | Reached XP level 1. HP: 14/14 MP: 3/3
   234 | D:1      | Reached XP level 2. HP: 17/20 MP: 0/5
   237 | D:1      | Learned a level 2 spell: Static Discharge
  1398 | D:2      | Reached skill level 2 in Conjurations
  1398 | D:2      | Reached XP level 3. HP: 26/26 MP: 1/6
  1402 | D:2      | Learned a level 3 spell: Swiftness
  2544 | D:3      | Reached XP level 4. HP: 33/33 MP: 3/8
  3249 | D:3      | Learned a level 3 spell: Mephitic Cloud
  3259 | D:3      | Found a hazy altar of Hepliaklqana.
  3260 | D:3      | Found a faded altar of an unknown god.
  3605 | D:4      | Reached XP level 5. HP: 38/38 MP: 5/9
  3765 | D:4      | Found Hoim's Weapon Shoppe.
  3789 | D:4      | Reached skill level 3 in Conjurations
  3862 | D:4      | Found an opulent altar of Gozag.
  4036 | D:4      | Found Asumocosm's Armour Emporium.
  4036 | D:4      | Found Westuz's Assorted Antiques.
  4037 | D:4      | Noticed Menkaure
  4118 | D:4      | Bought a scroll of identify for 48 gold pieces
  4198 | D:4      | Found Doder's Magic Scroll Emporium.
  4203 | D:4      | Bought a scroll of immolation for 49 gold pieces
  4203 | D:4      | Bought a scroll of identify for 28 gold pieces
  4616 | D:5      | Entered Level 5 of the Dungeon
  4616 | D:5      | Found a staircase to the Ecumenical Temple.
  4620 | D:5      | Noticed a wyvern
  4629 | Temple   | Entered the Ecumenical Temple
  4960 | D:5      | Reached XP level 6. HP: 28/45 MP: 0/11
  5574 | D:5      | Reached skill level 4 in Conjurations
  5740 | D:5      | Reached skill level 5 in Air Magic
  5978 | D:5      | Your scales start taking on a dull iron-grey colour.
  5978 | D:5      | Reached XP level 7. HP: 50/50 MP: 10/13
  6163 | D:5      | Found a bloodstained altar of Trog.
  6252 | D:5      | Reached skill level 1 in Earth Magic
  6266 | D:5      | Learned a level 1 spell: Magic Dart
  6428 | D:5      | Killed a wyvern
  6606 | D:5      | Reached skill level 5 in Spellcasting
  6606 | D:5      | Reached skill level 5 in Conjurations
  7168 | D:6      | Reached XP level 8. HP: 51/57 MP: 0/15
  7393 | D:6      | Noticed Sigmund
  7405 | D:6      | Killed Sigmund
  7841 | D:6      | Reached skill level 6 in Conjurations
  8179 | D:5      | Learned a level 4 spell: Iskenderun's Mystic Blast
  8203 | D:4      | Killed Menkaure
  8451 | D:6      | Reached skill level 5 in Earth Magic
  9046 | D:6      | Learned a level 1 spell: Sandblast
  9780 | D:6      | Learned a level 3 spell: Stone Arrow
  9783 | D:6      | Learned a level 2 spell: Passwall
 10158 | D:7      | Noticed Duvessa
 10158 | D:7      | Noticed Dowan
 10362 | D:7      | Reached XP level 9. HP: 46/62 MP: 14/18
 10447 | D:7      | Reached skill level 7 in Conjurations
 10634 | D:7      | Killed Duvessa
 10747 | D:7      | Killed Dowan
 11566 | D:8      | Reached skill level 8 in Conjurations
 11577 | D:7      | Slain by an orc warrior

Illustrated notes

Levels and vault maps discovered:
D:1:      dpeg_arrival_round_a, layout_basic, minmay_misc_feat_rugged
D:2:      layout_basic
D:3:      layout_rooms, overflow_temple_1_default,
          ebering_ecumenical_altar_abandoned, grunt_ministairs_14,
          serial_bayou_crossing
D:4:      layout_basic, grunt_gozag_statues, serial_shops,
          kennysheep_little_box, shop, nicolae_take_the_stairs,
          nicolae_stop_n_shop_2, minmay_small_thing, uniq_menkaure
D:5:      layout_basic, trog_three_pillars_becter, minmay_temple_entry_overgrown
D:6:      layout_layer_cave, uniq_sigmund
D:7:      layout_loops_ring, uniq_duvessa
D:8:      minmay_the_grid_square_5x5_3x3 [minmay_the_grid_square_5x5_detours,
          minmay_the_grid_square_5x5_inner_z,
          minmay_the_grid_square_5x5_gyroscope,
          minmay_the_grid_square_5x5_two_walls_b,
          minmay_the_grid_square_5x5_megaprize_checkered,
          minmay_the_grid_square_5x5_meh,
          minmay_the_grid_square_5x5_two_walls_a,
          minmay_the_grid_square_5x5_inner_i,
          minmay_the_grid_square_5x5_pentomino_r], layout_loops_ring,
          vehumet_altar_wand_db, lair_entry_dummy,
          nicolae_ossuary_entry_false_entrances, small_chamber_with_monster
Temple:   mainiacjoe_temple_coin_purse

Skill      XL: |  1  2  3  4  5  6  7  8  9 |
---------------+----------------------------+-----
Conjurations   | 2 3 4 5 6 8 |  8.0
Spellcasting   | 3 4 5 6 7 |  7.6
Air Magic      | 4 4 |  4.3
Earth Magic    | 3 5 7 |  7.8
Dodging        | |  1.7
Stealth        | |  1.7

Action                   |  1- 3 |  4- 6 |  7- 9 || total
-------------------------+-------+-------+-------++-------
Melee: Staff             |       |    15 |    19 ||    34
       Tailslap          |       |     2 |     1 ||     3
 Cast: Shock             |    96 |   113 |    25 ||   234
       Static Discharge  |     1 |     6 |    31 ||    38
       Magic Dart        |       |       |    80 ||    80
       Stone Arrow       |       |       |    51 ||    51
       Sandblast         |       |       |     2 ||     2
       Passwall          |       |       |     1 ||     1
  Use: Scroll            |     3 |     5 |     3 ||    11
       Potion            |       |       |     1 ||     1
Armor: Skin              |    10 |    18 |    69 ||    97
Dodge: Dodged            |    20 |    16 |    70 ||   106
Block: Buckler           |       |     7 |    15 ||    22

Table legend: (Time is in decaauts)
 A = Elapsed time spent in this place.
 B = Non-inter-level travel time spent in this place.
 C = Inter-level travel time spent in this place.
 D = Time resting spent in this place.
 E = Time spent auto-exploring this place.
 F = Levels seen in this place.
 G = Mean time per level.
                   A        B        C        D        E       F      G
               +--------+--------+--------+--------+--------+-----+--------+
         Total |  11607 |  10906 |    701 |    840 |   8552 |   9 | 1289.7 |
       Dungeon |  11375 |  10674 |    701 |    840 |   8353 |   8 | 1421.9 |
        Temple |    231 |    231 |      0 |      0 |    199 |   1 |  231.0 |
               +--------+--------+--------+--------+--------+-----+--------+

Top non-repeatable levels by time:
     D:6: 2555 daAuts
     D:5: 2301 daAuts
     D:4: 1636 daAuts
     D:2: 1499 daAuts
     D:1: 1341 daAuts
     D:7: 1029 daAuts
     D:3: 1004 daAuts
  Temple: 231 daAuts
     D:8: 7 daAuts
